 Dungeon Crawl Stone Soup version 0.28.0-53-g5a82cb258f (webtiles) character file.

Game seed: 12657492939018329610

19 Peloso the Covered (level 2, 27/27 HPs)
             Began as a Minotaur Fighter on May 23, 2022.
             Got out of the dungeon alive.
             The game lasted 00:01:05 (758 turns).

Peloso the Covered (Minotaur Fighter)                Turns: 758, Time: 00:01:06

Health: 27/27      AC:  7    Str: 20    XL:     2   Next: 55%
Magic:  1/1        EV:  9    Int:  5    God:
Gold:   34         SH:  4    Dex:  9    Spells: 1/1 levels left

rFire   . . .      SeeInvis .   a - +0 long sword
rCold   . . .      Faith    .   c - +0 buckler
rNeg    . . .      Spirit   .   b - +0 scale mail
rPois   .          Reflect  .   (helmet restricted)
rElec   .          Harm     .   (no cloak)
rCorr   .          Rampage  .   (no gloves)
Will    .....                   (no boots)
Stlth   +.........              (no amulet)
HPRegen 0.09/turn               (no ring)
MPRegen 0.07/turn               (no ring)

@: no status effects
A: horns 2, retaliatory headbutt, camouflage 1, inability to read while
threatened
a: no special abilities


You escaped.
You visited 1 branch of the dungeon, and saw 1 of its levels.

You collected 34 gold pieces.

Inventory:

Hand Weapons
 a - a +0 long sword (weapon)
Armour
 b - a +0 scale mail (worn)
 c - a +0 buckler (worn)
Potions
 d - a potion of might
 f - a potion of curing {unknown}


   Skills:
 + Level 3.9 Fighting
 + Level 2.6 Long Blades
 + Level 4.2 Armour
 + Level 3.9 Shields


You had one spell level left.
You didn't know any spells.
Your spell library was empty.

Dungeon Overview and Level Annotations

Branches:
Dungeon (1/15)

Altars:

Shops:
D:1 !


Innate Abilities, Weirdness & Mutations

You have a pair of horns on your head.
You reflexively headbutt those who attack you in melee.
Your skin changes colour to match your surroundings (Stealth+).
You sometimes lose the ability to read scrolls when taking damage.


Message History

The goblin is severely wounded.
The goblin hits you but does no damage. The rat bites you.
You barely miss the goblin. Your headbutt misses the goblin.
The goblin is severely wounded.
The goblin hits you but does no damage. The rat closely misses you.
You furiously retaliate!
You headbutt the rat!
You kill the rat!
You barely miss the goblin. Your headbutt misses the goblin.
The goblin is severely wounded.
The goblin hits you but does no damage. The goblin barely misses you.
You hit the goblin.
You kill the goblin!
Things that are here:
a +0 club; 18 stones; a goblin corpse
Found 26 arrows.
There is a shaft here.
g - a scroll labelled DIHYEDGHAEN
There is a shaft here.
Done exploring.
Done exploring.
Done exploring.
Done exploring.
As you read the scroll labelled DIHYEDGHAEN, it crumbles to dust.
You feel momentarily disoriented.
It was a scroll of magic mapping.
You aren't carrying any scrolls.
Unknown command.
It was a potion of mutation.
You feel extremely strange.
You lose the ability to read scrolls when threatened.
Your skin functions as natural camouflage.
Unknown command.
(D) Dungeon
Where to? (? - help)
What level of the Dungeon? (default 1, ? - help)
You open the door.
There is an open door here.
There is a dry fountain here.
There is a staircase leading out of the dungeon here.
Okay, then.
Are you sure you want to leave the Dungeon?
This will make you lose the game!
You have escaped!

#..###..# ##########(...
#.#.#.#.########..........###
#.##.##.##...................
#.####............##..####.##
#.........##'##.......# #.#
#.####....#...#...###.####.##
#.#####.###.⌠.###........)(.)
#.#.###.#.......#.###.####.##
#..#.##.#.⌠.@.⌠.#.# #.# #.#
##.###.#.#.......#.# #.# #.#
#.## ##..###.⌠.###.###.#
##.##
##.###.....#...#......>#
#...# ##.#.#....##'##....####
##..#
#######..#.............# #...
.........#######..###### #..#
#######.## #..# #..# ##.##
#..# #..#


There were no monsters in sight!

Vanquished Creatures
  2 dart slugs (D:1)
  A bat (D:1)
  4 goblins (D:1)
  A hobgoblin (D:1)
  A quokka (D:1)
  2 ball pythons (D:1)
  A frilled lizard (D:1)
  2 rats (D:1)
14 creatures vanquished.

Notes
Turn   | Place    | Note
-------+----------+-------------------------------------------
     0 | D:1      | Peloso the Minotaur Fighter began the quest for the Orb.
     0 | D:1      | Reached XP level 1. HP: 19/19 MP: 0/0
   116 | D:1      | Found a faded altar of an unknown god.
   237 | D:1      | Found Qomnay's Distillery.
   258 | D:1      | Reached XP level 2. HP: 27/27 MP: 1/1
   497 | D:1      | Reached skill level 4 in Armour
   728 | D:1      | Gained mutation: You sometimes lose the ability to read
                  | scrolls when taking damage. [potion of mutation]
   728 | D:1      | Gained mutation: Your skin changes colour to match your
                  | surroundings (Stealth+). [potion of mutation]
   758 | D:$      | Got out of the dungeon alive.

Illustrated notes

Levels and vault maps discovered:
D:1:      dpeg_arrival_simpleton_c, layout_loops_ring,
          dreamdust_ecumenical_altar_statues, serial_shops, shop,
          minmay_box_of_dots

Skill      XL: |  1  2 |
---------------+-------+-----
Armour         | 4 |  4.2
Fighting       | |  3.9
Long Blades    | |  2.6
Shields        | |  3.9

Action                   || total
-------------------------++-------
Melee: Long sword        ||    26
       Headbutt          ||     3
  Use: Scroll            ||     1
       Potion            ||     1
Armor: Scale mail        ||    19
Dodge: Dodged            ||    12
Block: Buckler           ||     5
